 Dungeon Crawl Stone Soup version 0.31-a0-1074-g0b22e4e0f1 (webtiles) character file.

Game seed: 14634448410165915257

318 javelincjr the Magician (level 6, -2/28 HPs)
             Began as a Spriggan Conjurer on Dec 6, 2023.
             Slain by a killer bee (5 damage)
             ... on level 4 of the Dungeon.
             The game lasted 00:12:45 (4060 turns).

javelincjr the Magician (Spriggan Conjurer)         Turns: 4060, Time: 00:12:45

Health: -2/28      AC:  2    Str:  3    XL:     6   Next: 21%
Magic:  11/14      EV: 18    Int: 21    God:
Gold:   154        SH:  0    Dex: 14    Spells: 12/15 levels left

rFire   . . .        h - +2 whip (holy)
rCold   + . .        (no shield)
rNeg    + . .        a - +0 robe
rPois   .            (helmet restricted)
rElec   .            (no cloak)
rCorr   .            (gloves unavailable)
SInv    +            (boots unavailable)
Will    +....        z - amulet of magic regeneration
Stlth   +++          j - ring of protection from cold
HPRegen 0.24/turn    r - ring of positive energy
MPRegen 0.54/turn

%: no passive effects
@: lethally poisoned (-2 -> -9), very quick
A: very small, no large weapons, unfitting armour, see invisible, speed 3
a: no special abilities


You were on level 4 of the Dungeon.
You visited 1 branch of the dungeon, and saw 4 of its levels.

You collected 224 gold pieces.
You spent 70 gold pieces at shops.

Inventory:

Hand Weapons
 c - a +0 dagger
 h - a +2 whip of holy wrath (weapon)
Missiles
 f - 14 poisoned darts
 n - 3 darts of dispersal
Armour
 a - a +0 robe (worn)
Magical Staves
 k - a staff of fire
Jewellery
 j - a ring of protection from cold (left hand)
 r - a ring of positive energy (right hand)
 z - an amulet of magic regeneration (around neck)
Wands
 A - a wand of mindburst (15)
Scrolls
 e - a scroll of fear {unknown}
 g - a scroll of silence
 i - a scroll of poison {unknown}
 l - 2 scrolls of teleportation {unknown}
 m - 2 scrolls of revelation {unknown}
 o - 2 scrolls of enchant armour {unknown}
 q - a scroll of vulnerability {unknown}
 s - a scroll of noise {unknown}
 t - 3 scrolls of identify {unknown}
 v - a scroll of fog
 y - a scroll of blinking {unknown}
Potions
 b - a potion of magic
 d - a potion of invisibility {unknown}
 p - a potion of attraction {unknown}
 u - a potion of curing
 w - a potion of enlightenment {unknown}
 x - a potion of berserk rage {unknown}


   Skills:
 + Level 4.2 Dodging
 + Level 4.9 Stealth
 * Level 5.0 Spellcasting
 * Level 4.1 Conjurations


You had 12 spell levels left.
You knew the following spells:

 Your Spells              Type           Power      Damage    Failure   Level
a - Magic Dart            Conj           88%        1d7       1%          1
b - Searing Ray           Conj           44%        2d6       3%          2

Your spell library contained the following spells:

 Spells                   Type           Power      Damage    Failure   Level
 Kiss of Death            Conj/Necr      56%        2d9       4%          1
 Apportation              Tloc           10%        N/A       11%         1
 Dazzling Flash           Conj/Hex       28%        N/A       14%         3
 Jinxbite                 Hex            10%        N/A       16%         2
 Confusing Touch          Hex            5%         N/A       32%         3
 Fulminant Prism          Conj/Hex       7%         3d7       41%         4
 Iskenderun's Mystic Bla  Conj/Tloc      14%        2d5       41%         4
 Dispel Undead            Necr           5%         3d7       71%         4
 Alistair's Intoxication  Tmut/Pois      3%         N/A       96%         5


Dungeon Overview and Level Annotations

Branches:
Dungeon (4/15)             Temple (0/1) D:4

Altars:

Shops:
D:3 *


Innate Abilities, Weirdness & Mutations

You are very small and have problems with some larger weapons.
You are too small for most types of armour.
You have supernaturally acute eyesight. (SInv)
You cover ground extremely quickly. (Speed+++)


Message History

The searing ray misses the killer bee.
The searing ray hits the killer bee.
The killer bee is lightly wounded.
The searing ray hits the killer bee.
The killer bee is lightly wounded.
The killer bee closely misses you. The killer bee stings you. x2
You are poisoned.
The killer bee poisons you! The killer bee completely misses you.
The searing ray hits the killer bee.
You kill the killer bee!
The searing ray misses the killer bee.
You feel sick.
The killer bee misses you. x3; The killer bee stings you.
You are lethally poisoned!
The killer bee poisons you!
The killer bee stings you but does no damage.
Your Spellcasting skill increases to level 5!
You feel sick.
* * * LOW HITPOINT WARNING * * *
You feel sick.
The killer bee attacks as it pursues you!
The killer bee stings you.
* * * LOW HITPOINT WARNING * * *
You feel better. The killer bee misses you. x2
The killer bee closely misses you.
The killer bee attacks as it pursues you!
The killer bee closely misses you. The killer bee misses you.
The killer bee attacks as it pursues you!
The killer bee stings you.
* * * LOW HITPOINT WARNING * * *
You are lethally poisoned!
The killer bee poisons you!
* * * LOW HITPOINT WARNING * * *
You feel sick.
The killer bee attacks as it pursues you!
The killer bee completely misses you.
You feel better. The killer bee barely misses you. The killer bee stings you.
* * * LOW HITPOINT WARNING * * *
You are lethally poisoned!
The killer bee poisons you! The killer bee stings you.
You die...

#......#..##.# ####.
#########.<..# #.
#.# #..### ##. #.#
##...### #.. #.#
#......# #.. #.#
#......#######.#
#.###......##......#
#.##yy........######
#..@yy..#######
#.###...# ##.# #...#
#..# ##### ####


You could see 4 killer bees.

Vanquished Creatures
  A black bear (D:4)
  2 killer bees (D:4)
  4 gnolls (D:3)
  2 adders
  3 worms
  A dart slug (D:2)
  7 orcs
  2 bats (D:3)
  3 endoplasms
  3 giant cockroaches
  7 hobgoblins
  10 jackals
  4 ball pythons
  2 frilled lizards
  2 goblins (D:2)
  8 kobolds
  6 rats
67 creatures vanquished.

Notes
Turn   | Place    | Note
-------+----------+-------------------------------------------
     0 | D:1      | javelincjr the Spriggan Conjurer began the quest for the
                  | Orb.
     0 | D:1      | Reached XP level 1. HP: 9/9 MP: 5/5
   338 | D:1      | Reached skill level 3 in Spellcasting
   390 | D:1      | Reached XP level 2. HP: 13/13 MP: 4/7
   676 | D:1      | Learned a level 2 spell: Searing Ray
  1427 | D:2      | Reached XP level 3. HP: 13/16 MP: 0/8
  2113 | D:3      | Found a faded altar of an unknown god.
  2381 | D:3      | Reached XP level 4. HP: 15/21 MP: 2/10
  2721 | D:3      | Found Quqodgh's General Store.
  2726 | D:3      | Bought a potion of curing for 30 gold pieces
  2726 | D:3      | Bought a scroll of fog for 40 gold pieces
  3233 | D:3      | Reached skill level 4 in Spellcasting
  3756 | D:3      | Reached XP level 5. HP: 24/24 MP: 1/12
  3869 | D:4      | Found a staircase to the Ecumenical Temple.
  3914 | D:4      | Noticed a black bear
  3919 | D:4      | Killed a black bear
  4043 | D:4      | Reached XP level 6. HP: 28/28 MP: 10/14
  4050 | D:4      | Reached skill level 5 in Spellcasting
  4060 | D:4      | Slain by a killer bee

Illustrated notes

Levels and vault maps discovered:
D:1:      erik_arrival_triangle_small, layout_rooms, minmay_tromino_v7
D:2:      layout_basic
D:3:      layout_basic, serial_shops, nicolae_shop_real_fake_doors,
          ebering_ecumenical_altar_abandoned
D:4:      layout_rooms, minmay_temple_entry_trees

Skill      XL: |  1  2  3  4  5  6 |
---------------+-------------------+-----
Conjurations   | 3 4 |  4.1
Spellcasting   | 3 4 5 |  5.0
Dodging        | 3 4 |  4.2
Stealth        | 4 |  4.9

Action                     |  1- 3 |  4- 6 || total
---------------------------+-------+-------++-------
  Melee: Unarmed           |     4 |       ||     4
         Whip              |       |     3 ||     3
   Cast: Magic Dart        |   107 |    49 ||   156
         Searing Ray       |     3 |     9 ||    12
    Use: Scroll            |       |     1 ||     1
         Potion            |       |     2 ||     2
 Armour: Robe              |     6 |    11 ||    17
  Dodge: Dodged            |    10 |    31 ||    41

Table legend: (Time is in decaauts)
 A = Elapsed time spent in this place.
 B = Non-inter-level travel time spent in this place.
 C = Inter-level travel time spent in this place.
 D = Time resting spent in this place.
 E = Time spent auto-exploring this place.
 F = Levels seen in this place.
 G = Mean time per level.
                   A        B        C        D        E       F      G
               +--------+--------+--------+--------+--------+-----+--------+
         Total |   3185 |   3137 |     48 |    116 |   2501 |   4 |  796.2 |
       Dungeon |   3185 |   3137 |     48 |    116 |   2501 |   4 |  796.2 |
               +--------+--------+--------+--------+--------+-----+--------+

Top non-repeatable levels by time:
     D:3: 1473 daAuts
     D:1: 845 daAuts
     D:2: 735 daAuts
     D:4: 131 daAuts
